 Dungeon Crawl Stone Soup version 0.29.1-15-g9cfb28693d (webtiles) character file.

Game seed: 14644712382955879835

6601 dudediamond6 the Cleaver (level 11, 0/99 HPs)
             Began as a Hill Orc Fighter on Mar 25, 2023.
             Was a High Priest of Okawaru.
             Slain by an orc warlord
             ... wielding a +3 battleaxe
              (16 damage)
             ... in a bailey.
             The game lasted 00:12:46 (9315 turns).

dudediamond6 the Cleaver (Hill Orc Fighter)         Turns: 9315, Time: 00:12:46

Health: 0/99       AC: 24    Str: 24    XL:     11   Next: 2%
Magic:  10/16      EV:  7    Int:  8    God:    Okawaru [*****.]
Gold:   310        SH: 11    Dex: 10    Spells: 10/10 levels left

rFire   . . .      SeeInvis .   C - +0 broad axe (holy)
rCold   . . .      Faith    .   E - +0 kite shield
rNeg    . . .      Spirit   .   u - +0 plate armour
rPois   +          Reflect  .   k - +0 helmet
rElec   .          Harm     .   (no cloak)
rCorr   .          Rampage  .   B - +0 pair of gloves
Will    .....                   b - +1 pair of boots
Stlth   ..........              (no amulet)
HPRegen 0.26/turn               l - +4 ring of protection
MPRegen 0.15/turn               L - ring of poison resistance

@: mighty, heroic, finesse-ful
A: no striking features
a: Renounce Religion, Heroism, Finesse, Duel


You were in a bailey.
You worshipped Okawaru.
Okawaru was extremely pleased with you.
You visited 1 branch of the dungeon, and saw 8 of its levels.
You also visited: Bailey.

You collected 310 gold pieces.

Inventory:

Hand Weapons
 a - a +0 war axe
 C - a +0 broad axe of holy wrath (weapon)
Missiles
 D - a throwing net
Armour
 b - a +1 pair of boots (worn)
 k - a +0 helmet (worn)
 u - a +0 plate armour (worn)
 B - a +0 pair of gloves (worn)
 E - a +0 kite shield (worn)
Jewellery
 l - a +4 ring of protection (left hand)
 t - a ring of willpower
 L - a ring of poison resistance (right hand)
Wands
 f - a wand of flame (20) (quivered)
 K - a wand of digging (6)
Scrolls
 c - 2 scrolls of poison {unknown}
 h - 2 scrolls of noise
 i - 2 scrolls of torment
 j - 2 scrolls of teleportation
 m - a scroll of amnesia {unknown}
 n - 6 scrolls of fog
 o - 3 scrolls of enchant weapon {unknown}
 x - a scroll of vulnerability {unknown}
 y - 2 scrolls of blinking {unknown}
 A - a scroll of immolation {unknown}
 F - 2 scrolls of magic mapping {unknown}
 H - a scroll of enchant armour {unknown}
 J - 2 scrolls of identify
 M - 2 scrolls of fear {unknown}
Potions
 d - a potion of might
 e - 2 potions of cancellation {unknown}
 g - 2 potions of degeneration
 p - 2 potions of resistance {unknown}
 q - 5 potions of curing
 r - 2 potions of flight {unknown}
 s - a potion of lignification {unknown}
 v - a potion of berserk rage {unknown}
 w - 4 potions of magic {unknown}
 z - 3 potions of heal wounds {unknown}
 G - a potion of mutation {unknown}
 I - 2 potions of brilliance {unknown}
 N - a potion of invisibility {unknown}


   Skills:
 * Level 9.7(14.7) Fighting
 * Level 14.8(19.8) Axes
 + Level 6.7(11.7) Armour
 + Level 5.8(10.8) Shields
 * Level 7.5 Invocations
 + Level 1.0 Evocations


You had 10 spell levels left.
You didn't know any spells.
Your spell library contained the following spells:

 Spells                   Type           Power      Damage    Failure   Level
 Foxfire                  Conj/Fire      0%         2x1d4     100%        1
 Conjure Flame            Conj/Fire      0%         6-21      100%        3
 Gell's Gravitas          Tloc           0%         N/A       100%        3
 Inner Flame              Hex/Fire       0%         N/A       100%        3
 Teleport Other           Tloc           0%         N/A       100%        3
 Cause Fear               Hex            0%         N/A       100%        4
 Flame Wave               Conj/Fire      0%         2d4       100%        4
 Dispersal                Tloc           0%         N/A       100%        6
 Discord                  Hex            0%         N/A       100%        8
 Disjunction              Tloc           0%         N/A       100%        8


Dungeon Overview and Level Annotations

Branches:
Dungeon (8/15)             Temple (0/1) D:6          Bailey (1/1)
   Lair: D:8-11

Altars:
Ashenzari
Cheibriados
Dithmenos
Nemelex Xobeh
Okawaru
Trog
Uskayaw
Wu Jian

Shops:
D:4 !=


Message History

The orc knight attacks as you move away!
The orc knight hits you but does no damage.
You slash the orc knight!
The orc knight is almost dead.
You hit the orc knight.
You kill the orc knight!
Okawaru accepts your kill.
You have reached level 11!
You barely miss the gnoll. The gnoll barely misses you.
You slice the gnoll!!
You kill the gnoll!
Okawaru accepts your kill. You block the orc warlord's attack.
There is a broken door, spattered with blood here.
Items here: )))) [[[[ ††.
You barely miss the orc warlord.
The orc warlord is moderately wounded.
The orc warlord hits you with a +3 battleaxe!!
* * * LOW HITPOINT WARNING * * *
You carve the orc warlord like a ham!!!
The orc warlord is heavily wounded.
You closely miss the orc warlord.
The orc warlord is heavily wounded.
You slash the orc warlord!
The orc warlord is severely wounded.
The orc warlord hits you with a +3 battleaxe.
* * * LOW HITPOINT WARNING * * *
You slash the orc warlord!
The orc warlord is severely wounded.
You hit the orc warlord but do no damage.
The orc warlord is severely wounded.
The orc warlord hits you but does no damage.
You slash the orc warlord!
The orc warlord is almost dead.
You barely miss the orc warlord.
The orc warlord is almost dead.
You slash the orc warlord!
The orc warlord is almost dead.
The orc warlord hits you with a +3 battleaxe!
You die...

#...........#..........
#...........#..........
###)).......###.........
###.#'#.....###.###.....#+
###.....###.###....
###.###.
##.........###......
###...
#..........8##...... #....
#..........8#....... #....
#∩....⌠.....@o...... #....
#..........8#)...... #....
#..........8##...... #....
##.........###......
###... ###...))###.###....
###.###.
###.#'#.....###.###....)#'
###.........###......)..
#...........#.......)).
#...........#..........


You could see an orc warlord.

Vanquished Creatures
  2 orc knights (Bailey)
  Grinder (D:4)
  Sigmund (D:3)
  6 yaks
  A steam dragon (D:7)
  Duvessa (D:5)
  2 ice beasts (D:7)
  9 orc warriors
  A sky beast (D:7)
  5 centaurs
  A phantom (D:6)
  5 bullfrogs (D:7)
  2 kobold brigands
  A gnoll sergeant (D:5)
  4 necrophages
  2 scorpions
  4 wights (D:7)
  Dowan (D:5)
  6 killer bees (D:7)
  2 howler monkeys (D:8)
  4 hounds
  A jelly (D:6)
  6 orc priests
  4 iguanas
  7 orc wizards
  Robin (D:4)
  15 gnolls
  13 adders
  A shadow imp (D:7)
  2 white imps
  An ufetubus (D:4)
  2 worms
  A dart slug (D:3)
  22 orcs
  8 endoplasms
  2 giant cockroaches
  20 hobgoblins
  4 jackals
  5 quokkas
  8 ball pythons
  6 bats
  3 frilled lizards
  30 goblins
  19 kobolds
  7 rats
249 creatures vanquished.

Vanquished Creatures (others)
  A vampire mosquito (D:7)
  An ice beast (D:7)
  6 plants
8 creatures vanquished.

Grand Total: 257 creatures vanquished

Notes
Turn   | Place    | Note
-------+----------+-------------------------------------------
     0 | D:1      | dudediamond6 the Hill Orc Fighter began the quest for the
                  | Orb.
     0 | D:1      | Reached XP level 1. HP: 19/19 MP: 1/1
    26 | D:1      | Found a faded altar of an unknown god.
    43 | D:1      | Prayed at the altar of an unknown god.
    43 | D:1      | Became a worshipper of Warmaster Okawaru
    43 | D:1      | Reached * piety under Okawaru
   225 | D:1      | Reached XP level 2. HP: 27/27 MP: 2/2
   252 | D:1      | Reached skill level 3 in Axes
   788 | D:2      | Reached skill level 1 in Invocations
   788 | D:2      | Reached XP level 3. HP: 30/33 MP: 3/3
  1434 | D:3      | Reached XP level 4. HP: 37/41 MP: 4/4
  1515 | D:3      | Reached skill level 4 in Axes
  1918 | D:3      | Reached XP level 5. HP: 17/47 MP: 6/6
  1925 | D:3      | Reached skill level 5 in Axes
  2225 | D:3      | Noticed Sigmund
  2258 | D:3      | Killed Sigmund
  2258 | D:3      | Reached ** piety under Okawaru
  2259 | D:3      | Reached skill level 5 in Fighting
  2259 | D:3      | Reached skill level 6 in Axes
  2259 | D:3      | Reached XP level 6. HP: 35/56 MP: 6/8
  3088 | D:4      | Reached XP level 7. HP: 38/61 MP: 9/9
  3236 | D:4      | Noticed a yak
  3237 | D:4      | Noticed a yak
  3237 | D:4      | Noticed a yak
  3237 | D:4      | Noticed a yak
  3238 | D:4      | Noticed a yak
  3238 | D:4      | Noticed a yak
  3258 | D:3      | Killed a yak
  3259 | D:3      | Reached skill level 7 in Axes
  3425 | D:4      | Killed a yak
  3425 | D:4      | Reached *** piety under Okawaru
  3437 | D:4      | Killed a yak
  3438 | D:4      | Reached skill level 8 in Axes
  3438 | D:4      | Reached XP level 8. HP: 41/70 MP: 9/11
  3596 | D:4      | Killed a yak
  3604 | D:4      | Killed a yak
  3604 | D:4      | Reached **** piety under Okawaru
  3605 | D:4      | Reached skill level 9 in Axes
  3610 | D:4      | Killed a yak
  3888 | D:4      | Found a shadowy altar of Dithmenos.
  3893 | D:4      | Noticed Robin
  3904 | D:4      | Killed Robin
  4021 | D:4      | Found Wisyriu's Distillery.
  4021 | D:4      | Noticed Grinder
  4035 | D:4      | Paralysed by Grinder for 3 turns
  4041 | D:4      | Killed Grinder
  4042 | D:4      | Reached skill level 10 in Axes
  4042 | D:4      | Reached skill level 5 in Armour
  4200 | D:4      | Found Nogouppef's One-of-a-Kind Rings.
  4228 | D:5      | Entered Level 5 of the Dungeon
  4315 | D:5      | Reached skill level 5 in Invocations
  4521 | D:5      | Reached XP level 9. HP: 51/79 MP: 12/12
  4730 | D:5      | Identified the +5 scale mail "Xaag" {+Blink rElec rN++
                  | Slay-4}
  4952 | D:5      | Found a bloodstained altar of Trog.
  5113 | D:5      | Noticed Duvessa
  5113 | D:5      | Noticed Dowan
  5121 | D:5      | Killed Dowan
  5122 | D:5      | Reached skill level 11 in Axes
  5135 | D:5      | Killed Duvessa
  5136 | D:5      | Reached skill level 1 in Evocations
  5804 | D:5      | Found an ornate altar of the Wu Jian Council.
  5804 | D:5      | Found a hide-covered altar of Uskayaw.
  5805 | D:5      | Found an iron altar of Okawaru.
  6319 | D:6      | Reached skill level 12 in Axes
  6535 | D:6      | Found a sparkling altar of Nemelex Xobeh.
  6552 | D:6      | Found a staircase to the Ecumenical Temple.
  6912 | D:6      | Found a snail-covered altar of Cheibriados.
  7104 | D:7      | Reached ***** piety under Okawaru
  7483 | D:7      | Reached XP level 10. HP: 75/88 MP: 14/14
  7585 | D:7      | Found a broken altar of Ashenzari.
  7635 | D:7      | Reached skill level 5 in Shields
  7978 | D:7      | Reached skill level 13 in Axes
  8484 | D:8      | Found a flagged portal.
  8493 | Bailey   | Entered a bailey
  8797 | Bailey   | Reached skill level 14 in Axes
  9176 | Bailey   | Noticed an orc knight
  9193 | Bailey   | Killed an orc knight
  9283 | Bailey   | Noticed an orc warlord
  9286 | Bailey   | Noticed an orc knight
  9302 | Bailey   | Killed an orc knight
  9303 | Bailey   | Reached XP level 11. HP: 49/99 MP: 9/16
  9315 | Bailey   | Slain by an orc warlord

Illustrated notes

Levels and vault maps discovered:
D:1:      doesnt_arrival_eight_statues, layout_basic,
          hellmonk_ecumenical_altar_lost_god, nrook_campfire
D:2:      layout_basic
D:3:      layout_basic, serial_bayou_pond_b, uniq_sigmund
D:4:      layout_basic, kennysheep_mini_moat, serial_shops, shop,
          nicolae_shop_unique_rings, minmay_joined_circles, uniq_robin,
          uniq_grinder
D:5:      layout_loops_corners, mainiacjoe_overflow_boulevard,
          gammafunk_temple_overflow_claw, dk_noncrumbling_3,
          minmay_misc_feat_doors, uniq_duvessa
D:6:      layout_basic, nemelex_xobeh_ov_fountains_minmay,
          mainiacjoe_overflow_tiny_flanked, minmay_temple_entry_gardened_gates,
          minmay_hedge_maze
D:7:      minmay_opposing_rooms, layout_basic,
          mainiacjoe_overflow_six_doors_small
D:8:      layout_rooms, nicolae_qazlal_eye_of_the_storm,
          nicolae_ru_great_annihilating_truth, enter_bailey_5
Bailey:   bailey_axe_minmay_hex_keep, bailey

Skill      XL: |  1  2  3  4  5  6  7  8  9 10 |
---------------+-------------------------------+-----
Fighting       | 4 5 7 8 9 |  9.7
Axes           | 3 4 6 8 10 12 14 | 14.8
Invocations    | 1 2 3 4 5 6 7 |  7.5
Armour         | 4 5 6 |  6.7
Shields        | 4 5 |  5.8
Evocations     | 1 |  1.0

Action                   |  1- 3 |  4- 6 |  7- 9 | 10-12 || total
-------------------------+-------+-------+-------+-------++-------
Melee: War axe           |   123 |   176 |   222 |       ||   521
       Broad axe         |       |       |    61 |   202 ||   263
Invok: Heroism           |       |       |     6 |     7 ||    13
       Finesse           |       |       |     1 |     3 ||     4
Evoke: Wand              |       |     3 |     7 |     1 ||    11
  Use: Scroll            |     2 |       |     2 |     1 ||     5
       Potion            |       |       |     1 |     1 ||     2
Armor: Scale mail        |    78 |    66 |       |       ||   144
       Plate armour      |       |    50 |   175 |   113 ||   338
Dodge: Dodged            |    60 |    56 |    54 |    42 ||   212
Block: Buckler           |    35 |    41 |    21 |       ||    97
       Kite shield       |       |       |    78 |    86 ||   164
